 Dungeon Crawl Stone Soup version 0.28-a0-828-g0121872642 (webtiles) character file.

Game seed: 3309107438718550696

46 cheechan the Bolt Thrower (level 3, -2/33 HPs)
             Began as a Naga Hunter on Nov 10, 2021.
             Slain by an adder (3 damage)
             ... on level 2 of the Dungeon.
             The game lasted 00:06:38 (902 turns).

cheechan the Bolt Thrower (Naga Hunter)              Turns: 902, Time: 00:06:39

Health: -2/33      AC:  6    Str: 14    XL:     3   Next: 66%
Magic:  3/3        EV:  9    Int: 11    God:
Gold:   50         SH:  0    Dex: 12    Spells: 2/2 levels left

rFire   . . .      SeeInvis +   b - +0 short sword
rCold   . . .      Faith    .   (no shield)
rNeg    . . .      Spirit   .   c - +0 leather armour
rPois   +          Reflect  .   (no helmet)
rElec   .          Harm     .   (no cloak)
rCorr   .          Rampage  .   (no gloves)
Will    .....                   (no barding)
Stlth   ++........              (no amulet)
HPRegen 0.11/turn               f - +4 ring of protection
MPRegen 0.08/turn               g - ring of flight

@: flying, very slow
A: AC +1, large, see invisible, deformed body, poison resistance, slowness 2,
spit poison 1, naga tail 1
a: Spit Poison


You were on level 2 of the Dungeon.
You visited 1 branch of the dungeon, and saw 2 of its levels.

You collected 50 gold pieces.

Inventory:

Hand Weapons
 a - a +1 hand crossbow
 b - a +0 short sword (weapon)
Armour
 c - a +0 leather armour (worn)
Jewellery
 f - a +4 ring of protection (left hand)
 g - a ring of flight (right hand)
Scrolls
 e - a scroll of identify {unknown}
Potions
 h - a potion of brilliance {unknown}


   Skills:
 + Level 2.3 Fighting
 + Level 4.4 Crossbows
 + Level 0.2 Armour
 + Level 1.6 Dodging
 + Level 1.9 Stealth


You had 2 spell levels left.
You didn't know any spells.
Your spell library contained the following spells:

 Spells                   Type           Power      Damage    Failure   Level
 Magic Dart               Conj           0%         1d3       41%         1
 Summon Small Mammal      Summ           0%         N/A       41%         1
 Searing Ray              Conj           0%         2d4       56%         2
 Call Canine Familiar     Summ           0%         N/A       80%         3
 Summon Guardian Golem    Hex/Summ       0%         N/A       80%         3
 Fulminant Prism          Conj/Hex       0%         3d6       99%         4


Dungeon Overview and Level Annotations

Branches:
Dungeon (2/15)

Altars:


Innate Abilities, Weirdness & Mutations

Your serpentine skin is tough. (AC +1)
You have supernaturally acute eyesight. (SInv)
Armour fits poorly on your strangely shaped body.
Your system is resistant to poisons. (rPois)
You cover ground very slowly.
You can spit poison.
You have a snake-like lower body.


Message History

The adder is moderately wounded.
You feel sick.
You are no longer poisoned.
The adder barely misses you. The adder bites you but does no damage.
You closely miss the adder.
The adder is moderately wounded.
The adder bites you.
* * * LOW HITPOINT WARNING * * *
The adder barely misses you.
There are no items here.
You clumsily bash the adder but do no damage.
The adder is moderately wounded.
The adder misses you. The adder bites you but does no damage.
You barely miss the adder.
The adder is moderately wounded.
The adder bites you but does no damage. The adder bites you.
* * * LOW HITPOINT WARNING * * *
You clumsily bash the adder but do no damage.
The adder is moderately wounded.
The adder bites you but does no damage. The adder closely misses you.
You clumsily bash the adder but do no damage.
The adder is moderately wounded.
The adder barely misses you. The adder bites you but does no damage.
You clumsily bash the adder but do no damage.
The adder is moderately wounded.
The adder closely misses you. The adder bites you but does no damage.
You miss the adder.
The adder is moderately wounded.
The adder bites you.
* * * LOW HITPOINT WARNING * * *
The adder barely misses you.
b - a +0 short sword (weapon)
The adder barely misses you.
You hit the adder but do no damage.
The adder is moderately wounded.
The adder bites you but does no damage.
You hit the adder.
The adder is heavily wounded.
The adder bites you.
You die...

..
#.#.#######
#.#># #
#.#.# ..
..#.# #..
###.##
#...#....#
##.......#
.......(.#
##.##(S@##
#. #())# .
......#
.(..#...#
#..##...#
.#. ....# #
.##..# .[
#.(#


You could see an adder.

Vanquished Creatures
  An adder (D:2)
  3 dart slugs (D:1)
  An orc (D:2)
  3 ball pythons
  2 bats
  4 endoplasms
  A giant cockroach (D:1)
  2 hobgoblins (D:1)
  3 quokkas
  A frilled lizard (D:1)
  4 kobolds
  4 rats
29 creatures vanquished.

Notes
Turn   | Place    | Note
-------+----------+-------------------------------------------
     0 | D:1      | cheechan the Naga Hunter began the quest for the Orb.
     0 | D:1      | Reached XP level 1. HP: 19/19 MP: 1/1
   227 | D:1      | Reached skill level 4 in Crossbows
   227 | D:1      | Reached XP level 2. HP: 7/26 MP: 2/2
   736 | D:2      | Reached XP level 3. HP: 32/32 MP: 3/3
   899 | D:2      | HP: 1/33 [adder (2)]
   902 | D:2      | Slain by an adder

Illustrated notes

Levels and vault maps discovered:
D:1:      amcnicky_arrival_feature_with_door, layout_basic,
          chequers_serial_rivers_small_3
D:2:      layout_basic, basic_altar, hangedman_decor_clover_reticule,
          kennysheep_generic_room_6

Skill      XL: |  1 |
---------------+----+-----
Crossbows      | 4 |  4.4
Fighting       | |  2.3
Armour         | |  0.2
Dodging        | |  1.6
Stealth        | |  1.9

Action                   || total
-------------------------++-------
Melee: Hand crossbow     ||    11
       Short sword       ||     2
 Fire: Hand crossbow     ||    55
 Abil: Spit Poison       ||    15
Armor: Leather armour    ||    33
Dodge: Dodged            ||    32

Table legend: (Time is in decaauts)
 A = Elapsed time spent in this place.
 B = Non-inter-level travel time spent in this place.
 C = Inter-level travel time spent in this place.
 D = Time resting spent in this place.
 E = Time spent auto-exploring this place.
 F = Levels seen in this place.
 G = Mean time per level.
                   A        B        C        D        E       F      G
               +--------+--------+--------+--------+--------+-----+--------+
         Total |   1233 |   1233 |      0 |      0 |      0 |   2 |  616.5 |
       Dungeon |   1233 |   1233 |      0 |      0 |      0 |   2 |  616.5 |
               +--------+--------+--------+--------+--------+-----+--------+

Top non-repeatable levels by time:
     D:1: 1011 daAuts
     D:2: 222 daAuts
